 Dungeon Crawl Stone Soup version 0.31-a0-799-g6bc09d010c (webtiles) character file.

Game seed: 16266170100460373225

247 Joey1 the Shield-Bearer (level 5, -5/48 HPs)
             Began as a Minotaur Fighter on Sept 19, 2023.
             Slain by an iguana (7 damage)
             ... on level 6 of the Dungeon.
             The game lasted 00:02:15 (1390 turns).

Joey1 the Shield-Bearer (Minotaur Fighter)          Turns: 1390, Time: 00:02:15

Health: -5/48      AC:  9    Str: 22    XL:     5   Next: 85%
Magic:  4/4        EV: 10    Int:  5    God:
Gold:   85         SH:  5    Dex: 10    Spells: 4/4 levels left

rFire   . . .        a - +0 war axe
rCold   . . .        c - +0 buckler
rNeg    . . .        b - +0 scale mail
rPois   .            (helmet restricted)
rElec   .            (no cloak)
rCorr   .            (no gloves)
SInv    .            i - +1 pair of boots
Will    .....        (no amulet) Stlth
                     (no ring)
HPRegen 0.28/turn    (no ring)
MPRegen 0.09/turn

%: no passive effects
@: mighty
A: horns 2, retaliatory headbutt
a: no special abilities


You were on level 6 of the Dungeon.
You visited 1 branch of the dungeon, and saw 4 of its levels.

You collected 85 gold pieces.

Inventory:

Hand Weapons
 a - a +0 war axe (weapon)
Armour
 b - a +0 scale mail (worn)
 c - a +0 buckler (worn)
 i - a +1 pair of boots (worn)
Potions
 g - a potion of haste {unknown}
 h - 2 potions of enlightenment


   Skills:
 - Level 5.0 Fighting
 + Level 4.4 Axes
 - Level 3.6 Armour
 + Level 2.9 Dodging
 - Level 5.0 Shields


You had 4 spell levels left.
You didn't know any spells.
Your spell library contained the following spells:

 Spells                   Type           Power      Damage    Failure   Level
 Wereblood                Tmut           0%         N/A       94%         2
 Irradiate                Conj/Tmut      0%         3d11      100%        5


Dungeon Overview and Level Annotations

Branches:
Dungeon (3/15)

Altars:

Shops:
D:2 [


Innate Abilities, Weirdness & Mutations

You have a pair of horns on your head.
You reflexively headbutt those who attack you in melee.


Message History

You barely miss the scorpion. You headbutt the scorpion.
The scorpion is heavily wounded.
You hit the bullfrog. You closely miss the adder. The adder barely misses you.
The bullfrog hits you but does no damage.
The scorpion stings you but does no damage.
The adder bites you.
You are poisoned.
The adder poisons you!
The bullfrog hits you but does no damage.
You barely miss the scorpion.
The scorpion is heavily wounded.
You miss the bullfrog. You hit the adder.
You feel sick. The scorpion stings you. The adder bites you but does no damage.
The bullfrog hits you.
* * * LOW HITPOINT WARNING * * *
The scorpion stings you.
* * * LOW HITPOINT WARNING * * *
The adder barely misses you. You furiously retaliate!
You headbutt the adder!!
You kill the adder!
You barely miss the scorpion. You headbutt the scorpion!
You kill the scorpion!
You slash the bullfrog!
You kill the bullfrog!
You feel sick. The iguana bites you.
* * * LOW HITPOINT WARNING * * *
Training target 5.0 for Shields reached!
Training target 5.0 for Fighting reached!
Your Fighting skill increases to level 5!
Your Axes skill increases to level 4!
Your Shields skill increases to level 5!
You have reached level 5!
You hit the iguana.
The iguana is lightly wounded.
You feel sick. The iguana barely misses you.
You slash the iguana!
The iguana is heavily wounded.
You feel sick.
You are no longer poisoned.
The iguana bites you!
You die...

..........$#
...........#
...........#
..?........#
...........###
.............
.......l†.#
......†@..#
..........#
..........#
######....(.
###.#### .# .#
.#


You could see an iguana.

Vanquished Creatures
  A bullfrog (D:6)
  2 scorpions (D:6)
  2 adders
  5 orcs (D:2)
  3 endoplasms
  A giant cockroach (D:2)
  4 goblins
  7 hobgoblins
  4 jackals (D:1)
  A quokka (D:2)
  2 bats
  2 frilled lizards
  5 kobolds
  A rat (D:1)
40 creatures vanquished.

Notes
Turn   | Place    | Note
-------+----------+-------------------------------------------
     0 | D:1      | Joey1 the Minotaur Fighter began the quest for the Orb.
     0 | D:1      | Reached XP level 1. HP: 19/19 MP: 0/0
    52 | D:1      | Reached XP level 2. HP: 27/27 MP: 1/1
   305 | D:1      | Reached skill level 1 in Dodging
   881 | D:2      | Found Fuipn's Armour Shop.
   890 | D:2      | Reached XP level 3. HP: 24/33 MP: 2/2
  1371 | D:3      | You fall into a shaft and drop 3 floors!
  1373 | D:6      | Noticed a wight
  1373 | D:6      | Noticed a wight
  1374 | D:6      | Noticed a wight
  1376 | D:6      | Noticed a wight
  1381 | D:6      | Noticed a scorpion
  1381 | D:6      | Noticed a scorpion
  1381 | D:6      | Noticed a bullfrog
  1385 | D:6      | Killed a scorpion
  1386 | D:6      | Reached XP level 4. HP: 24/41 MP: 3/3
  1388 | D:6      | Killed a scorpion
  1388 | D:6      | Killed a bullfrog
  1389 | D:6      | Reached skill level 5 in Fighting
  1389 | D:6      | Reached skill level 5 in Shields
  1389 | D:6      | Reached XP level 5. HP: 5/48 MP: 4/4
  1390 | D:6      | HP: 2/48 [poisoned by an adder]
  1390 | D:6      | Slain by an iguana

Illustrated notes

Levels and vault maps discovered:
D:1:      saegor_arrival_miasma, layout_basic
D:2:      layout_rooms, serial_shops, nicolae_shop_peninsula
D:3:      layout_basic, shapermc_ecumenical_altar_flowoftime, serial_shops, shop
D:6:      layout_basic, mainiacjoe_overflow_small_starburst

Skill      XL: |  1  2  3  4 |
---------------+-------------+-----
Dodging        | 1 2 |  2.9
Fighting       | 4 5 |  5.0
Shields        | 4 5 |  5.0
Axes           | 3 4 |  4.4
Armour         | |  3.6

Action                     |  1- 3 |  4- 6 || total
---------------------------+-------+-------++-------
  Melee: War axe           |    56 |     5 ||    61
         Headbutt          |    11 |     2 ||    13
    Use: Scroll            |     3 |       ||     3
         Potion            |     1 |       ||     1
 Armour: Scale mail        |    43 |    10 ||    53
  Dodge: Dodged            |    23 |     3 ||    26
  Block: Buckler           |    18 |       ||    18

Table legend: (Time is in decaauts)
 A = Elapsed time spent in this place.
 B = Non-inter-level travel time spent in this place.
 C = Inter-level travel time spent in this place.
 D = Time resting spent in this place.
 E = Time spent auto-exploring this place.
 F = Levels seen in this place.
 G = Mean time per level.
                   A        B        C        D        E       F      G
               +--------+--------+--------+--------+--------+-----+--------+
         Total |   1412 |   1368 |     44 |      0 |   1175 |   4 |  353.0 |
       Dungeon |   1412 |   1368 |     44 |      0 |   1175 |   4 |  353.0 |
               +--------+--------+--------+--------+--------+-----+--------+

Top non-repeatable levels by time:
     D:1: 867 daAuts
     D:2: 496 daAuts
     D:3: 27 daAuts
     D:6: 21 daAuts
